 Dungeon Crawl Stone Soup version 0.30-a0-46-g5a63ccc183 (webtiles) character file.

Game seed: 18328504811051387028

66460 Newt the Covert (level 14, -2/100 HPs)
             Began as a Demonspawn Gladiator on Sept 1, 2022.
             Was an Initiate of Gozag.
             Slain by an eight-headed hydra (4 damage)
             ... on level 5 of the Lair of Beasts.
             The game lasted 00:39:58 (22444 turns).

Newt the Covert (Demonspawn Gladiator)             Turns: 22444, Time: 00:40:00

Health: -2/100     AC: 17    Str: 18    XL:     14   Next: 79%
Magic:  0/20       EV: 20    Int: 20    God:    Gozag
Gold:   2277       SH: 13    Dex: 30    Spells: 16/21 levels left

rFire   . . .      SeeInvis +    W - +4 rapier of Destroying Woe {venom, Int+3 Dex+2}
rCold   . . .      Faith    .    X - +0 buckler
rNeg    . . .      Spirit   +    m - +1 ring mail of Ru's Hope {Will+}
rPois   +          Reflect  +    J - +1 helmet
rElec   .          Harm     .    w - scarf {repulsion}
rCorr   .          Rampage  .    R - +1 pair of gloves {Stlth+}
Will    ++...                    L - +2 pair of boots {Fly}
Stlth   ++++++....               u - amulet of reflection
HPRegen 0.26/turn                N - ring "Sinikk" {rPois Str+4 Int+6 Dex+3}
MPRegen 0.34/turn                H - ring of see invisible

@: about to teleport, gold aura, flying, repel missiles
A: claws 2, yellow scales 2, foul stench 2, magic shield, magic regeneration,
agile 2, clever 1
a: Renounce Religion, Potion Petition, Call Merchant, Bribe Branch


You were on level 5 of the Lair of Beasts.
You worshipped Gozag.
Gozag was most pleased with you.
You visited 3 branches of the dungeon, and saw 21 of its levels.
You also visited: Sewer.

You collected 5265 gold pieces.
You spent 836 gold pieces at shops.
You paid 2152 gold pieces to Gozag.

Inventory:

Hand Weapons
 a - a +1 spectral rapier
 c - a +0 demon whip of venom
 v - a +5 vorpal quick blade
 W - the +4 rapier of Destroying Woe (weapon) {venom, Int+3 Dex+2}
   (You found it on level 12 of the Dungeon)

   It poisons the flesh of those it strikes.
   Int:       It affects your intelligence (+3).
   Dex:       It affects your dexterity (+2).
Missiles
 d - 4 throwing nets (quivered)
 e - 9 javelins
 r - 10 boomerangs
 D - 4 datura-tipped darts
 U - 4 curare-tipped darts
Armour
 m - the +1 ring mail of Ru's Hope (worn) {Will+}
   (You found it on level 3 of the Dungeon)

   Will:      It increases your willpower.
 q - a +1 scale mail of fire resistance
 w - a scarf of repulsion (worn)
 J - a +1 helmet (worn)
 L - a +2 pair of boots of flying (worn)
 M - a +2 pair of gloves of infusion
 Q - a +2 cloak of willpower
 R - a +1 pair of gloves of stealth (worn)
 X - a +0 buckler (worn)
Jewellery
 f - a ring of protection from cold
 j - a ring of magical power
 p - a +6 ring of intelligence
 s - a ring of ice
 u - an amulet of reflection (around neck)
 A - a +6 ring of dexterity
 H - a ring of see invisible (right hand)
 N - the ring "Sinikk" (left hand) {rPois Str+4 Int+6 Dex+3}
   (You took it off an orc wizard on level 10 of the Dungeon)

   [ring of intelligence]

   Str:       It affects your strength (+4).
   Int:       It affects your intelligence (+6).
   Dex:       It affects your dexterity (+3).
   rPois:     It protects you from poison.
Wands
 x - a wand of polymorph (5)
 G - a wand of digging (5)
 S - a wand of flame (14)
 Z - a wand of roots (11)
Scrolls
 k - 5 scrolls of identify
 t - 3 scrolls of amnesia
 y - a scroll of poison {unknown}
 z - 4 scrolls of teleportation
 C - 6 scrolls of magic mapping
 F - a scroll of blinking {unknown}
 I - 2 scrolls of butterflies
 K - 2 scrolls of fear
 O - a scroll of silence
 P - a scroll of brand weapon
 T - a scroll of enchant armour
Potions
 b - a potion of flight
 g - 2 potions of might
 h - a potion of heal wounds
 i - 15 potions of curing
 l - 8 potions of brilliance
 n - 2 potions of mutation
 o - a potion of ambrosia
 B - 2 potions of haste
 E - 2 potions of lignification
Miscellaneous
 V - a tin of tremorstones (2/2)


   Skills:
 - Level 6.1 Fighting
 - Level 10.4 Short Blades
 - Level 5.5 Throwing
 - Level 5.0 Armour
 - Level 10.0 Dodging
 - Level 11.4 Stealth
 - Level 6.0 Shields
 - Level 4.0 Spellcasting
 - Level 7.0 Transmutations
 - Level 7.0 Fire Magic
 - Level 7.0 Poison Magic
 + Level 7.5 Evocations


You had 16 spell levels left.
You knew the following spells:

 Your Spells              Type           Power      Damage    Failure   Level
a - Ignite Poison         Fire/Tmut/Pois 32%        N/A       4%          3
b - Wereblood             Tmut           32%        N/A       2%          2

Your spell library contained the following spells:

 Spells                   Type           Power      Damage    Failure   Level
 Beastly Appendage        Tmut           64%        N/A       1%          1
 Spider Form              Tmut/Pois      32%        N/A       4%          3
 Passwall                 Tmut/Erth      15%        N/A       10%         2
 Conjure Flame            Conj/Fire      18%        6-21      19%         3
 Magic Dart               Conj           16%        1d3       26%         1
 Sandblast                Erth           8%         2d5       26%         1
 Mephitic Cloud           Conj/Pois/Air  13%        N/A       30%         3
 Ensorcelled Hibernation  Hex/Ice        8%         N/A       38%         2
 Searing Ray              Conj           8%         2d4       38%         2
 Ice Form                 Ice/Tmut       18%        N/A       54%         4
 Sticky Flame             Conj/Fire      18%        2d4       54%         4
 Call Canine Familiar     Summ           4%         N/A       63%         3
 Portal Projectile        Hex/Tloc       8%         N/A       63%         3
 Stone Arrow              Conj/Erth      8%         3d7       63%         3
 Summon Guardian Golem    Hex/Summ       4%         N/A       63%         3
 Swiftness                Air            4%         N/A       63%         3
 Dispel Undead            Necr           4%         3d7       95%         4
 Fulminant Prism          Conj/Hex       2%         3d6       95%         4
 Hailstorm                Conj/Ice       4%         3d4       95%         4
 Leda's Liquefaction      Hex/Erth       2%         N/A       95%         4
 Freezing Cloud           Conj/Ice/Air   2%         6-21      100%        5
 Death Channel            Necr           2%         N/A       100%        6
 Orb of Destruction       Conj           2%         9d5       100%        7
 Spellforged Servitor     Conj/Summ      2%         N/A       100%        7
 Corpse Rot               Necr/Pois/Air  Unusable   N/A       N/A         4
 Simulacrum               Ice/Necr       Unusable   N/A       N/A         6

Dungeon Overview and Level Annotations

Branches:
Dungeon (15/15)            Temple (1/1) D:4            Lair (5/5) D:8
  Swamp (0/4) Lair:3        Snake (0/4) Lair:2        Slime (0/5) Lair:4
    Orc (0/2) D:10          Sewer (visited)
 Vaults: D:13-14     Depths: D:15

Altars:
Ashenzari
Cheibriados
Dithmenos
Fedhas
Gozag
Hepliaklqana
Kikubaaqudgha
Makhleb
Nemelex Xobeh
Okawaru
Qazlal
Ru
Sif Muna
Trog
Uskayaw
Vehumet
Wu Jian
Xom
Yredelemnul
Jiyva

Shops:
D:9 (   D:10 [   D:13 :   Lair:2 *

Annotations:
D:10 4 runed translucent doors
D:15 Louise
Lair:5 Rupert


Innate Abilities, Weirdness & Mutations

You have very sharp fingernails.
You are mostly covered in yellow scales. (AC +3)
You sometimes emit foul miasma when damaged in melee.
When hurt, damage is shared between your health and your magic reserves.
You regenerate magic rapidly.
You are very agile. (Dex +8, Str/Int -2)
Your mind is acute. (Int +4, Str/Dex -1)


Message History

* * * LOW HITPOINT WARNING * * *
You block the eight-headed hydra's attack.
The eight-headed hydra misses you.
The eight-headed hydra bites you but does no damage.
The eight-headed hydra completely misses you.
The eight-headed hydra closely misses you.
Throw: 5 throwing nets
Press: ? - help, Q - select action, (/) - cycle Shift-Dir - straight line, f/p - eight-headed hydra
Aim: an eight-headed hydra (84% to hit, immune to nets)
You throw a throwing net.
The throwing net hits the eight-headed hydra.
The eight-headed hydra is too large for the net to hold!
The wolf is no longer distracted by gold.
The wolf is distracted by your dazzling golden aura.
Unknown command.
As you read the scroll of teleportation, it crumbles to dust.
You feel strangely unstable.
The wolf is no longer distracted by gold.
The wolf is distracted by your dazzling golden aura.
The eight-headed hydra bites you!
* * * LOW HITPOINT WARNING * * *
The eight-headed hydra barely misses you.
The eight-headed hydra bites you.
* * * LOW HITPOINT WARNING * * *
You block the eight-headed hydra's attack. x2
The eight-headed hydra bites you.
The eight-headed hydra closely misses you.
The eight-headed hydra completely misses you.
You feel much better. The wolf bites you but does no damage.
You block the eight-headed hydra's attack.
The eight-headed hydra bites you but does no damage. x2
The eight-headed hydra bites you.
* * * LOW HITPOINT WARNING * * *
You emit a cloud of foul miasma!
The eight-headed hydra bites you!
* * * LOW HITPOINT WARNING * * *
The eight-headed hydra bites you.
* * * LOW HITPOINT WARNING * * *
The eight-headed hydra bites you.
You die...
Your body crumbles into a pile of gold.

. .P. ...... @.#..
......# ..#.. #......
.P..Y###......##
.......##......## ..
...Y...## #...$## h..
......$.#####....###.h..
#......##...$h..h... ###
##...(...#..@D#....
..###$......#...$#......
...#.#.#....##...##.....
...@Y.......##...# ....#
....$#.....###...# ...#
...w$......# #...# ?.#
...........# #.... $ #
$...........#P.....
.....#..............


You could see an eight-headed hydra and 4 wolves.

Vanquished Creatures
  7 hydras
  Harold (Lair:2)
  3 boulder beetles
  3 centaur warriors
  Erica (D:10)
  4 death yaks
  A two-headed ogre (D:10)
  2 tengu warriors
  The ghost of purpskrrrp the Unseen, a journeyman VSBr of Jiyva (D:9)
  Sonja (D:11)
  Amaemon (Lair:1)
  Nergalle (Lair:3)
  A fire crab (Lair:4)
  A deep elf pyromancer (D:13)
  A lindwurm (Lair:3)
  2 bog bodies (Lair:3)
  4 ugly things
  4 manticores
  4 cyclopes
  7 elephants
  4 black mambas
  A torpor snail (Lair:2)
  An orange demon (Lair:1)
  2 gargoyles
  4 unseen horrors
  13 cane toads
  A kobold demonologist (D:13)
  7 rime drakes
  A freezing wraith (D:15)
  12 komodo dragons
  A tengu conjurer (D:12)
  A hornet (Lair:3)
  4 polar bears
  2 trolls
  A queen bee (D:12)
  A tarantella (shapeshifter) (D:8)
  9 blink frogs
  Grinder (D:4)
  11 dream sheep
  3 slime creatures (D:13)
  Sigmund (D:5)
  5 wraiths
  A shadow (D:10)
  12 wyverns
  20 yaks
  4 basilisks
  Grum (D:8)
  3 steam dragons
  7 vampire mosquitoes
  21 water moccasins
  A warg (D:10)
  4 acid dragons
  3 black bears
  16 orc warriors
  2 sky beasts (D:7)
  2 ice beasts
  3 ogres
  A boggart (D:14)
  7 centaurs
  38 wolves
  4 kobold brigands
  A necrophage (D:4)
  13 bullfrogs
  4 scorpions
  13 wights
  26 killer bees
  6 howler monkeys
  An electric eel (Lair:2)
  A hound (D:4)
  A jelly (D:5)
  9 orc priests
  A gnoll bouda (D:7)
  2 iguanas (D:5)
  Ijyb (D:5)
  Terence (D:3)
  Natasha (twice) (D:2)
  15 orc wizards
  5 hell rats (Lair:4)
  9 gnolls
  8 adders
  4 white imps
  9 worms
  A dart slug (D:4)
  89 orcs
  5 ball pythons
  6 bats
  7 endoplasms
  A giant cockroach (D:1)
  9 goblins
  5 hobgoblins
  5 jackals
  7 quokkas
  4 frilled lizards
  19 kobolds
  3 rats
579 creatures vanquished.

Vanquished Creatures (collateral kills)
  An orc priest (D:10)
1 creature vanquished.

Vanquished Creatures (others)
  A centaur (D:10)
  24 fungi
  35 plants
60 creatures vanquished.

Grand Total: 640 creatures vanquished

Notes
Turn   | Place    | Note
-------+----------+-------------------------------------------
     0 | D:1      | Newt the Demonspawn Gladiator began the quest for the Orb.
     0 | D:1      | Reached XP level 1. HP: 16/16 MP: 1/1
   132 | D:1      | Reached skill level 1 in Stealth
   198 | D:1      | Gained mutation: You regenerate magic rapidly. [demonic
                  | ancestry]
   198 | D:1      | Reached XP level 2. HP: 4/22 MP: 2/2
   534 | D:1      | Reached skill level 2 in Stealth
   725 | D:1      | Gained mutation: You may rarely emit foul miasma when
                  | damaged in melee. [demonic ancestry]
   725 | D:1      | Reached XP level 3. HP: 21/27 MP: 3/3
   882 | D:1      | Found a faded altar of an unknown god.
  1408 | D:2      | Noticed Natasha
  1413 | D:2      | Killed Natasha
  1414 | D:2      | Reached XP level 4. HP: 31/33 MP: 4/4
  1585 | D:2      | Noticed Natasha
  1599 | D:2      | Killed Natasha
  1742 | D:3      | Identified the +1 ring mail of Ru's Hope {Will+}
  1782 | D:3      | Gained mutation: You are partially covered in yellow
                  | scales. (AC +2) [demonic ancestry]
  1782 | D:3      | Reached XP level 5. HP: 38/38 MP: 5/5
  1791 | D:3      | Reached skill level 5 in Short Blades
  1959 | D:3      | Noticed Terence
  1967 | D:3      | Killed Terence
  1968 | D:3      | Reached skill level 1 in Armour
  2570 | D:4      | Noticed Grinder
  2578 | D:4      | Killed Grinder
  2579 | D:4      | Reached XP level 6. HP: 32/44 MP: 6/6
  2670 | D:4      | Found a staircase to the Ecumenical Temple.
  2681 | Temple   | Entered the Ecumenical Temple
  2859 | Temple   | Became a worshipper of Gozag Ym Sagoz the Greedy
  3059 | D:4      | Reached XP level 7. HP: 50/50 MP: 7/7
  3128 | D:4      | Reached skill level 5 in Armour
  3482 | D:5      | Entered Level 5 of the Dungeon
  3590 | D:5      | Found a glowing drain.
  3600 | Sewer    | Entered a sewer
  3845 | D:5      | Reached skill level 5 in Dodging
  3866 | D:5      | Reached XP level 8. HP: 35/56 MP: 8/8
  4028 | D:5      | Noticed Sigmund
  4029 | D:5      | Noticed Ijyb
  4042 | D:5      | Killed Ijyb
  4046 | D:5      | Killed Sigmund
  4795 | D:6      | Gained mutation: You are covered in fur. (AC +1) [potion of
                  | mutation]
  4891 | D:6      | Found a broken altar of Ashenzari.
  4891 | D:6      | Found a radiant altar of Vehumet.
  4947 | D:6      | Reached skill level 5 in Throwing
  4947 | D:6      | Reached skill level 6 in Stealth
  4947 | D:6      | Gained mutation: You have sharp fingernails. [demonic
                  | ancestry]
  4947 | D:6      | Reached XP level 9. HP: 69/69 MP: 9/9
  5407 | D:6      | Noticed a komodo dragon
  5410 | D:6      | Killed a komodo dragon
  5411 | D:6      | Reached skill level 10 in Short Blades
  5454 | D:6      | Reached skill level 1 in Evocations
  5820 | D:7      | Gained mutation: When hurt, damage is shared between your
                  | health and your magic reserves. [demonic ancestry]
  5820 | D:7      | Reached XP level 10. HP: 76/76 MP: 10/10
  6087 | D:7      | Found a sacrificial altar of Ru.
  6734 | D:7      | Reached skill level 5 in Evocations
  7313 | D:8      | Identified the +1 robe of the Equinox {rN+ Will+}
  7360 | D:8      | Noticed a centaur warrior
  7364 | D:8      | Killed a centaur warrior
  7373 | D:8      | Noticed a purple ugly thing
  7390 | D:8      | Killed a purple ugly thing
  7391 | D:8      | Reached skill level 7 in Stealth
  7708 | D:8      | Noticed Grum
  7724 | D:8      | Gained mutation: You are mostly covered in yellow scales.
                  | (AC +3) [demonic ancestry]
  7724 | D:8      | Reached XP level 11. HP: 79/81 MP: 11/11
  7736 | D:8      | Killed Grum
  7737 | D:8      | Reached skill level 8 in Stealth
  8090 | D:8      | Found a staircase to the Lair.
  8453 | D:9      | Noticed a boulder beetle
  8688 | D:9      | Killed a boulder beetle
  8689 | D:9      | Reached skill level 9 in Stealth
  9463 | D:10     | Entered Level 10 of the Dungeon
  9634 | D:10     | Reached skill level 10 in Stealth
  9667 | D:10     | Noticed Erica
  9682 | D:10     | Killed Erica
  9684 | D:10     | Identified a scroll of acquirement
  9684 | D:10     | Acquired a +5 quick blade
  9875 | D:10     | Found a basalt altar of Yredelemnul.
  9912 | D:10     | Noticed a boulder beetle
 10023 | D:10     | Killed a boulder beetle
 10345 | D:10     | Found a staircase to the Orcish Mines.
 10555 | D:10     | Found a large runed translucent door.
 10555 | D:10     | Found a large runed translucent door.
 10557 | D:10     | Bought a +2 pair of boots of flying for 322 gold pieces
 10557 | D:10     | Bought a +2 pair of gloves of infusion for 322 gold pieces
 10608 | D:10     | Noticed a tengu warrior
 10614 | D:10     | Found a large runed translucent door.
 10614 | D:10     | Found a large runed translucent door.
 10649 | D:10     | Noticed a two-headed ogre
 10659 | D:10     | Killed a two-headed ogre
 10663 | D:10     | Identified the ring "Sinikk" {rPois Str+4 Int+6 Dex+3}
 11177 | D:10     | Found a runed translucent gate.
 11177 | D:10     | Found a runed translucent gate.
 11178 | D:10     | Found a runed translucent gate.
 11179 | D:10     | Noticed purpskrrrp's ghost (journeyman VSBr)
 11188 | D:10     | Identified the +5 falchion of Imbalance {speed, *Rage
                  | *Noise Str+4 Int+4}
 11776 | D:9      | Killed purpskrrrp's ghost
 11857 | D:10     | Reached XP level 12. HP: 87/88 MP: 4/12
 12340 | D:11     | Lost mutation: You are covered in fur. (AC +1) [potion of
                  | mutation]
 12340 | D:11     | Gained mutation: Your body sometimes deteriorates upon
                  | taking damage. [potion of mutation]
 12340 | D:11     | Gained mutation: You are strong-willed. (Will+) [potion of
                  | mutation]
 12341 | D:11     | Lost mutation: You are strong-willed. (Will+) [potion of
                  | mutation]
 12341 | D:11     | Lost mutation: Your body sometimes deteriorates upon taking
                  | damage. [potion of mutation]
 12341 | D:11     | Gained mutation: You are agile. (Dex +4, Str/Int -1)
                  | [potion of mutation]
 12341 | D:11     | Gained mutation: You are very agile. (Dex +8, Str/Int -2)
                  | [potion of mutation]
 12341 | D:11     | Gained mutation: Your mind is acute. (Int +4, Str/Dex -1)
                  | [potion of mutation]
 12829 | D:11     | Noticed Sonja
 12836 | D:11     | Killed Sonja
 12954 | D:11     | Found a burning altar of Makhleb.
 13218 | D:12     | Identified the +4 rapier of Destroying Woe {venom, Int+3
                  | Dex+2}
 13361 | D:12     | Reached skill level 10 in Dodging
 13376 | D:12     | You are sucked into a shaft and drop 3 floors!
 13376 | D:15     | Entered Level 15 of the Dungeon
 13398 | D:15     | Noticed a centaur warrior
 13404 | D:15     | Killed a centaur warrior
 13462 | D:15     | Noticed Louise
 14070 | D:14     | Noticed a two-headed ogre
 14075 | D:14     | Noticed a catoblepas
 14083 | D:14     | Noticed a boulder beetle
 14101 | D:14     | Killed a boulder beetle
 14387 | D:13     | Found Dyogu's Self-Improvement Boutique.
 14397 | D:13     | Noticed an eight-headed hydra
 14398 | D:13     | Reached skill level 11 in Stealth
 14425 | D:12     | Killed an eight-headed hydra
 14540 | D:12     | Reached skill level 1 in Spellcasting
 14643 | D:12     | Noticed a tengu warrior
 14677 | D:12     | Killed a tengu warrior
 15499 | D:13     | Reached skill level 1 in Fire Magic
 15499 | D:13     | Reached skill level 1 in Poison Magic
 15512 | D:13     | Reached skill level 1 in Transmutations
 15691 | D:13     | Noticed a six-headed hydra
 15695 | D:13     | Killed a six-headed hydra
 15696 | D:13     | Gained mutation: You sometimes emit foul miasma when
                  | damaged in melee. [demonic ancestry]
 15696 | D:13     | Reached XP level 13. HP: 93/93 MP: 19/19
 16797 | Lair:1   | Entered Level 1 of the Lair of Beasts
 17041 | Lair:1   | Learned a level 3 spell: Ignite Poison
 17406 | Lair:1   | Noticed Amaemon
 17413 | Lair:1   | Killed Amaemon
 17770 | Lair:2   | Found a staircase to the Snake Pit.
 17875 | Lair:2   | Reached skill level 5 in Poison Magic
 18043 | Lair:2   | Noticed Harold
 18066 | Lair:2   | Killed Harold
 18067 | Lair:2   | Reached skill level 5 in Fire Magic
 18518 | Lair:2   | Reached skill level 5 in Transmutations
 19075 | Lair:2   | Bought a scroll of identify for 24 gold pieces
 19075 | Lair:2   | Bought a scarf of repulsion for 144 gold pieces
 19075 | Lair:2   | Bought a scroll of identify for 24 gold pieces
 19440 | Lair:3   | Found a staircase to the Swamp.
 19534 | Lair:3   | Gained mutation: You have very sharp fingernails. [demonic
                  | ancestry]
 19534 | Lair:3   | Reached XP level 14. HP: 49/100 MP: 11/20
 19808 | Lair:3   | Learned a level 2 spell: Wereblood
 20065 | Lair:3   | Noticed Nergalle
 20072 | Lair:3   | Killed Nergalle
 20715 | Lair:4   | Found a viscous altar of Jiyva.
 20731 | Lair:4   | Found a staircase to the Slime Pits.
 20848 | Lair:4   | Reached skill level 1 in Shields
 21549 | Lair:4   | Reached skill level 5 in Shields
 21881 | Lair:5   | Entered Level 5 of the Lair of Beasts
 21910 | Lair:5   | Noticed Rupert
 22009 | Lair:5   | Found a hide-covered altar of Uskayaw.
 22444 | Lair:5   | HP: 4/100 [eight-headed hydra (12)]
 22444 | Lair:5   | Slain by an eight-headed hydra

Illustrated notes

Levels and vault maps discovered:
D:1:      saegor_arrival_simple_d, layout_rooms, serial_bayou,
          serial_bayou_lake_a, serial_bayou_pond_b, serial_bayou_pond_a,
          serial_bayou_crossing, serial_bayou_lagoon_b,
          hellmonk_ecumenical_altar_heavens_door, minmay_misc_feat_chi,
          dk_noncrumbling_4
D:2:      layout_rooms, minmay_misc_feat_four_crosses, uniq_natasha
D:3:      layout_basic, uniq_terence
D:4:      layout_basic, minmay_temple_entry_overgrown, uniq_grinder
D:5:      layout_rooms, gup_sewer_entry_bubbles, kennysheep_donut,
          nicolae_wormholes, uniq_sigmund, uniq_ijyb
D:6:      layout_loops_ring, nicolae_overflow_two_pavilions
D:7:      layout_loops_ring, mainiacjoe_overflow_small_starburst,
          corexii_hall_statues_x, sigmund_army
D:8:      layout_gridville, lair_entry_dummy, hangedman_minor_gate_pass,
          uniq_grum
D:9:      layout_basic, nicolae_tso_carved_into_rock
D:10:     layout_cave_pools, lemuel_crystal_altar, david_orc_5,
          biasface_ghost_orc_armoury, minmay_hollow_rounded_squares, uniq_erica
D:11:     layout_stronghold, bloody_makhleb, uniq_sonja
D:12:     layout_long_grid, nicolae_looking_at_the_future
D:13:     layout_roguey, special_room [special_room_orc], nicolae_shop_self_help
D:14:     layout_irregular_city, ximxim_vaults_locker_room, serial_ice,
          serial_ice_d, serial_ice_a, serial_ice_c, serial_ice_g,
          minmay_misc_feat_x, elyvilon_altar_3
D:15:     grunt_enter_depths_snipers, layout_basic, nicolae_ru_path_of_blood,
          uniq_louise
Temple:   nicolae_temple_bog_church
Lair:1:   layout_small_grid, grunt_megastairs_5, uniq_amaemon
Lair:2:   layout_cave_pods, minmay_snake_entry_six_corridors,
          grunt_megastairs_3, serial_bayou_shore_a, infiniplex_staircase_pool_2,
          uniq_harold
Lair:3:   layout_gridlike, skrybe_swamp_entry_bodies, beast_lair_carwin_11,
          grunt_megastairs_1, uniq_nergalle
Lair:4:   layout_cave_pods, slime_entry_1, special_room
          [special_room_mythical_zoo], grunt_forest_large_clearings,
          grunt_megastairs_2
Lair:5:   grunt_lair_end_beastmaster, layout_concentric_octagons, basic_altar,
          uniq_rupert

Skill      XL: |  1  2  3  4  5  6  7  8  9 10 11 12 13 14 |
---------------+-------------------------------------------+-----
Stealth        | 1 2 6 7 10 11 | 11.4
Short Blades   | 3 4 5 9 10 | 10.4
Armour         | 4 5 |  5.0
Dodging        | 5 8 10 | 10.0
Fighting       | 6 |  6.1
Throwing       | 5 |  5.5
Evocations     | 1 6 7 |  7.5
Spellcasting   | 4 |  4.0
Fire Magic     | 1 5 7 |  7.0
Poison Magic   | 1 6 7 |  7.0
Transmutations | 1 5 7 |  7.0
Shields        | 6 |  6.0

Action                   |  1- 3 |  4- 6 |  7- 9 | 10-12 | 13-15 || total
-------------------------+-------+-------+-------+-------+-------++-------
Melee: Rapier            |    84 |   105 |   185 |   631 |   818 ||  1823
       Punch             |       |       |     8 |    21 |     9 ||    38
       Quick blade       |       |       |       |   475 |       ||   475
       Falchion          |       |       |       |     7 |       ||     7
Throw: Throwing net      |     1 |       |       |     5 |     4 ||    10
       Boomerang         |       |       |       |     6 |       ||     6
       Dart              |       |       |       |     1 |       ||     1
       Javelin           |       |       |       |     2 |       ||     2
 Cast: Ignite Poison     |       |       |       |       |    28 ||    28
Invok: Call Merchant     |       |       |       |     2 |     1 ||     3
Evoke: Wand              |       |       |       |     4 |       ||     4
  Use: Scroll            |     5 |     5 |     7 |     8 |     4 ||    29
       Potion            |       |       |     2 |     6 |     1 ||     9
 Stab: Sleeping          |     4 |       |     2 |    21 |    33 ||    60
       Distracted        |       |     4 |     5 |    19 |    16 ||    44
       Held in net/web   |       |       |       |     5 |       ||     5
       Petrifying        |       |       |       |       |     1 ||     1
       Petrified         |       |       |       |       |     1 ||     1
Armor: Leather armour    |    27 |     7 |       |       |       ||    34
       Ring mail         |       |    29 |    40 |   286 |   188 ||   543
       Skin              |       |       |     8 |    30 |       ||    38
Dodge: Dodged            |    39 |    35 |    86 |   520 |   679 ||  1359
       Repelled          |       |       |       |       |     2 ||     2
Block: Other             |       |       |     6 |   159 |   111 ||   276
       Reflection        |       |       |       |     4 |     4 ||     8
       Buckler           |       |       |       |       |   194 ||   194

Table legend: (Time is in decaauts)
 A = Elapsed time spent in this place.
 B = Non-inter-level travel time spent in this place.
 C = Inter-level travel time spent in this place.
 D = Time resting spent in this place.
 E = Time spent auto-exploring this place.
 F = Levels seen in this place.
 G = Mean time per level.
                   A        B        C        D        E       F      G
               +--------+--------+--------+--------+--------+-----+--------+
         Total |  21814 |  21151 |    663 |   3227 |  14134 |  22 |  991.5 |
       Dungeon |  15996 |  15536 |    460 |   2300 |  10671 |  15 | 1066.4 |
        Temple |    201 |    166 |     35 |      0 |    153 |   1 |  201.0 |
          Lair |   5458 |   5292 |    166 |    927 |   3202 |   5 | 1091.6 |
         Sewer |    157 |    157 |      0 |      0 |    107 |   1 |  157.0 |
               +--------+--------+--------+--------+--------+-----+--------+

Top non-repeatable levels by time:
    D:10: 1888 daAuts
     D:8: 1512 daAuts
     D:9: 1391 daAuts
  Lair:4: 1377 daAuts
  Lair:2: 1376 daAuts
    D:13: 1288 daAuts
  Lair:3: 1242 daAuts
    D:12: 1165 daAuts
     D:7: 1156 daAuts
     D:1: 1150 daAuts
     D:5: 1132 daAuts
     D:6: 1062 daAuts
    D:11: 1053 daAuts
  Lair:1: 931 daAuts
    D:14: 874 daAuts
